 Dungeon Crawl Stone Soup version 0.25.1-2-g60ff931df9 (webtiles) character file.

Game seed: 6280660335785515992

44063 MajorAdolf the Fighter (level 14, -7/145 HPs)
             Began as a Naga Wanderer on Oct 13, 2020.
             Was an Initiate of Gozag.
             Mangled by a freezing wraith (22 damage)
             ... on level 15 of the Dungeon.
             The game lasted 00:47:09 (25898 turns).

MajorAdolf the Fighter (Naga Wanderer)             Turns: 25898, Time: 00:47:11

Health: -7/145     AC: 15    Str: 21    XL:     14   Next: 27%
Magic:  22/22      EV: 11    Int: 10    God:    Gozag
Gold:   1273       SH:  5    Dex: 12    Spells: 13/13 levels left

rFire    . . .     SeeInvis +   d - +2 whip (elec)
rCold    . . .     Gourm    .   r - +0 buckler
rNeg     + . .     Faith    .   J - +4 troll leather armour
rPois    +         Spirit   .   L - +0 helmet
rElec    .         Reflect  .   C - +1 cloak {Stlth+}
rCorr    +         Harm     .   j - +0 pair of gloves
MR       +....                  (no barding)
Stlth    +.........             n - amulet of regeneration
HPRegen  1.14/turn              I - ring of resist corrosion
MPRegen  0.18/turn              t - ring of positive energy

@: slowed, very slow
A: large, see invisible, deformed body, poison resistance, slowness 2, slow
metabolism 1, spit poison 2, constrict 1, AC +4
a: Breathe Poison Gas, Potion Petition, Call Merchant, Bribe Branch, Renounce
Religion


You were on level 15 of the Dungeon.
You worshipped Gozag.
Gozag was most pleased with you.
You were not hungry.

You visited 3 branches of the dungeon, and saw 19 of its levels.
You also visited: Bailey.

You collected 2195 gold pieces.
You spent 420 gold pieces at shops.
You paid 502 gold pieces to Gozag.

Inventory:

Hand Weapons
 a - a +2 shortbow
 d - a +2 whip of electrocution (weapon)
 p - a +2 whip of electrocution
 D - a +0 war axe
Missiles
 b - 364 arrows
 Q - 5 curare-tipped darts (quivered)
Armour
 j - a +0 pair of gloves (worn)
 r - a +0 buckler (worn)
 C - a +1 cloak of stealth (worn)
 J - a +4 troll leather armour (worn)
 L - a +0 helmet (worn)
Jewellery
 n - an amulet of regeneration (around neck)
 t - a ring of positive energy (right hand)
 u - an uncursed amulet of guardian spirit
 w - an uncursed amulet of reflection
 I - a ring of resist corrosion (left hand)
 S - an uncursed ring of flight
Wands
 v - a wand of digging (4)
 B - a wand of iceblast (21)
 E - a wand of clouds (2)
 O - a wand of flame (40)
Scrolls
 g - 7 scrolls of enchant weapon
 l - 2 scrolls of acquirement
 o - 2 scrolls of enchant armour
 q - 7 scrolls of remove curse
 x - 4 scrolls of fear
 y - a scroll of torment
 z - 3 scrolls of identify
 A - 4 scrolls of amnesia
 G - 4 scrolls of fog
 H - 3 scrolls of magic mapping
 R - 3 scrolls of immolation
Potions
 c - 5 potions of curing
 e - 2 potions of brilliance
 i - a potion of heal wounds
 k - 2 potions of mutation
 m - 3 potions of haste
 s - 4 potions of stabbing
 K - a potion of cancellation
Miscellaneous
 N - a box of beasts
Comestibles
 f - 26 rations


   Skills:
 + Level 14.6 Fighting
 + Level 13.0 Axes
 - Level 1.0 Bows
 - Level 1.0 Throwing
 - Level 4.0 Armour
 + Level 4.2 Dodging
 - Level 1.5 Stealth
 + Level 5.7 Shields
 + Level 11.0 Evocations


You had 13 spell levels left.
You didn't know any spells.
Your spell library contained the following spells:

 Spells                   Type           Power        Failure   Level  Hunger
 Animate Skeleton         Necr           N/A          41%         1    ##.....
 Beastly Appendage        Tmut           #.....       41%         1    ##.....
 Corona                   Hex            #......      41%         1    ##.....
 Freeze                   Ice            #...         41%         1    ##.....
 Infusion                 Chrm           #...         41%         1    ##.....
 Pain                     Necr           #...         41%         1    ##.....
 Summon Small Mammal      Summ           #...         41%         1    ##.....
 Ensorcelled Hibernation  Hex/Ice        #.....       54%         2    ###....
 Shroud of Golubria       Chrm/Tloc      #.....       54%         2    ###....
 Song of Slaying          Chrm           #.......     54%         2    ###....
 Sticks to Snakes         Tmut           #.......     54%         2    ###....
 Confusing Touch          Hex            #.......     78%         3    ####...
 Dazzling Flash           Conj/Hex       #.....       78%         3    ####...
 Frozen Ramparts          Ice            #.....       78%         3    ####...
 Ozocubu's Armour         Chrm/Ice       #.......     78%         3    ####...
 Spectral Weapon          Hex/Chrm       #.......     78%         3    ####...
 Spider Form              Tmut/Pois      #.........   78%         3    ####...
 Tukima's Dance           Hex            #.......     78%         3    ####...
 Vampiric Draining        Necr           #.........   78%         3    ####...
 Animate Dead             Necr           N/A          99%         4    #####..
 Hailstorm                Conj/Ice       #.......     99%         4    #####..
 Ice Form                 Ice/Tmut       #.......     99%         4    #####..
 Summon Ice Beast         Ice/Summ       #.......     99%         4    #####..
 Agony                    Necr           #.......     100%        5    ######.
 Blade Hands              Tmut           #.........   100%        5    ######.


Dungeon Overview and Level Annotations

Branches:
Dungeon (15/15)            Temple (1/1) D:7            Lair (3/6) D:10
 Spider (0/4) Lair:3          Orc (0/2) D:11         Vaults (0/5) D:13
 Bailey (visited)
  Swamp: Lair:2-4    Shoals: Lair:2-4    Depths: D:15

Altars:
Ashenzari
Cheibriados
Dithmenos
Elyvilon
Fedhas
Gozag
Hepliaklqana
Kikubaaqudgha
Makhleb
Nemelex Xobeh
Okawaru
Qazlal
Ru
Sif Muna
Trog
Uskayaw
Vehumet
Wu Jian
Yredelemnul
Zin
The Shining One

Shops:
D:11 =

Annotations:
D:8 2 transporters, exclusion: 2 downstairs, MajorAdolf's ghost, novice NaWn
D:10 exclusions: obsidian statue and skeletal warrior
Lair:1 exclusion: hydra


Innate Abilities, Weirdness & Mutations

You cannot wear boots.
Your serpentine skin is tough. (AC +4)
You have supernaturally acute eyesight. (SInv)
Armour fits poorly on your strangely shaped body.
Your system is resistant to poisons. (rPois)
You cover ground very slowly.
You have a slow metabolism.
You can exhale a cloud of poison.
You can use your snake-like lower body to constrict enemies.


Message History

The freezing wraith completely misses you.
The vampire mosquito bites you but does no damage.
You block the vampire mosquito's attack.
Evoke which item? (* to show all) (? for menu, Esc to quit)
Aiming: Cloud Cone
Press: ? - help, Dir - move target cursor, f - vampire mosquito
Aim: a vampire mosquito You create a blast of flame!
The vampire mosquito is engulfed in blazing flames.
The vampire mosquito closely misses you.
The vampire mosquito is engulfed in blazing flames.
You block the vampire mosquito's attack.
The vampire mosquito is engulfed in blazing flames.
You block the vampire mosquito's attack.
The freezing wraith is engulfed in blazing flames.
The freezing wraith hits you!
* * * LOW HITPOINT WARNING * * *
The freezing wraith freezes you!!
You die...
Your body crumbles into a pile of gold.

.#.#...
.........
#.#.#..!#####
........§§§#
#......§§§#
#.....§§§§#
#.....§§§§#
###....yy§§.#
#......@W...#
..#.........#
#.........#
#.........#
#.#########
#. #


You could see a freezing wraith and 2 vampire mosquitoes.

Vanquished Creatures
  Frances (D:14)
  4 vault guards (D:13)
  3 hydras (Lair:2)
  3 centaur warriors
  7 two-headed ogres
  3 tengu warriors (D:14)
  Sonja (D:12)
  An unseen horror (D:12)
  A flayed ghost (D:14)
  Pikel (D:8)
  9 ugly things
  An orc knight (Bailey)
  2 deep elf magi (D:13)
  2 manticores
  3 cyclopes
  A black mamba (Lair:2)
  4 spiny frogs
  A kobold demonologist (D:11)
  2 rime drakes
  A centaur skeleton (D:14)
  Maggie (D:9)
  2 freezing wraiths
  2 komodo dragons
  An efreet (D:10)
  A tengu conjurer (D:14)
  7 trolls
  3 hornets
  9 hippogriffs
  3 shadows
  A vampire (D:8)
  3 wraiths
  9 yaks
  A spriggan (shapeshifter) (D:13)
  A wyvern (D:13)
  A human (D:9)
  3 hungry ghosts
  A soldier ant (D:12)
  An acid dragon (D:14)
  4 water moccasins
  A porcupine (Lair:2)
  A sky beast (D:7)
  13 orc warriors
  6 ice beasts
  2 eyes of draining
  A hornet zombie (D:7)
  5 necrophages
  4 phantoms
  6 ogres
  14 centaurs
  7 crocodiles
  8 bullfrogs
  A gnoll sergeant (D:10)
  A wyvern skeleton (D:9)
  4 scorpions
  9 killer bees
  A wight (D:11)
  A howler monkey (D:6)
  2 bullfrog zombies
  11 crimson imps
  4 centaur zombies
  5 hounds
  2 bullfrog skeletons
  3 jellies
  Crazy Yiuf (D:7)
  9 orc priests
  9 orc wizards
  5 iguanas
  10 worker ants
  A worker ant zombie (D:10)
  11 adders
  8 gnolls
  A shadow imp (D:13)
  2 adder zombies (D:8)
  An adder skeleton (D:9)
  4 worms
  2 dart slugs (D:2)
  2 leopard geckos
  43 orcs
  2 giant cockroaches (D:2)
  5 goblins
  4 hobgoblins
  14 jackals
  3 quokkas
  4 bats
  6 frilled lizards
  6 kobolds
  A leopard gecko zombie (D:5)
  A quokka skeleton (D:8)
  5 rats
377 creatures vanquished.

Vanquished Creatures (others)
  3 slaves (D:9)
  2 fungi
5 creatures vanquished.

Grand Total: 382 creatures vanquished

Notes
Turn   | Place    | Note
-------+----------+-------------------------------------------
     0 | D:1      | MajorAdolf the Naga Wanderer began the quest for the Orb.
     0 | D:1      | MajorAdolf set off with the following items: a +2 shortbow,
                  | 28 arrows, a potion of curing, a +0 ring mail, a ration
     0 | D:1      | Reached XP level 1. HP: 22/22 MP: 1/1
   216 | D:1      | Reached XP level 2. HP: 31/31 MP: 2/2
   780 | D:2      | Reached XP level 3. HP: 22/38 MP: 3/3
   786 | D:2      | Reached skill level 5 in Fighting
  1234 | D:2      | Found a sacrificial altar of Ru.
  1506 | D:2      | Reached XP level 4. HP: 46/46 MP: 4/4
  1509 | D:2      | Found an iron altar of Okawaru.
  1667 | D:3      | Reached skill level 6 in Fighting
  2136 | D:3      | Reached XP level 5. HP: 50/55 MP: 5/5
  2382 | D:4      | Gained mutation: Your spells are a little easier to cast,
                  | but a little less powerful. [potion of mutation]
  2382 | D:4      | Gained mutation: You can translocate small distances at
                  | will. [potion of mutation]
  2436 | D:4      | Found a radiant altar of Vehumet.
  2444 | D:4      | Found an ancient bone altar of Kikubaaqudgha.
  2466 | D:4      | Lost mutation: You can translocate small distances at will.
                  | [potion of mutation]
  2466 | D:4      | Lost mutation: Your spells are a little easier to cast, but
                  | a little less powerful. [potion of mutation]
  2466 | D:4      | Gained mutation: Your muscles are strong. (Str +2) [potion
                  | of mutation]
  2466 | D:4      | Lost mutation: Your muscles are strong. (Str +2) [potion of
                  | mutation]
  2466 | D:4      | Gained mutation: You can exhale a cloud of poison. [potion
                  | of mutation]
  2518 | D:4      | You fall into a shaft and drop 1 floor!
  2518 | D:5      | Entered Level 5 of the Dungeon
  2546 | D:5      | Reached skill level 7 in Fighting
  2546 | D:5      | Reached XP level 6. HP: 35/66 MP: 6/6
  2786 | D:4      | Noticed a phantom
  2795 | D:4      | Killed a phantom
  2904 | D:4      | Reached skill level 8 in Fighting
  3077 | D:4      | Found a shimmering blue altar of Sif Muna.
  3083 | D:4      | Identified Sif Muna's Almanac of Companions
  3270 | D:4      | Reached XP level 7. HP: 64/74 MP: 7/7
  3816 | D:5      | Found a shimmering blue altar of Sif Muna.
  4403 | D:6      | Reached skill level 9 in Fighting
  4610 | D:6      | Reached XP level 8. HP: 86/86 MP: 8/8
  4655 | D:6      | Reached skill level 10 in Fighting
  4809 | D:6      | Found a glowing golden altar of the Shining One.
  5059 | D:6      | Found an ornate altar of the Wu Jian Council.
  5560 | D:7      | Found a blossoming altar of Fedhas.
  5630 | D:7      | Reached skill level 11 in Fighting
  5636 | D:7      | Noticed a hippogriff
  5673 | D:7      | Killed a hippogriff
  5777 | D:7      | Reached XP level 9. HP: 84/98 MP: 9/9
  5869 | D:7      | Found a flagged portal.
  5878 | Bailey   | Entered a bailey
  5883 | Bailey   | Noticed an orc knight
  5885 | Bailey   | Reached skill level 12 in Fighting
  6902 | Bailey   | Killed an orc knight
  6902 | Bailey   | Reached skill level 13 in Fighting
  6977 | Bailey   | Noticed an orc knight
  7472 | D:7      | Found a staircase to the Ecumenical Temple.
  7909 | D:7      | Found a runed translucent door.
  7910 | D:7      | Noticed Crazy Yiuf
  8013 | D:7      | Killed Crazy Yiuf
  8140 | Temple   | Entered the Ecumenical Temple
  8897 | D:8      | Reached XP level 10. HP: 105/111 MP: 10/10
  9035 | D:8      | Noticed MajorAdolf's ghost (novice NaWn)
  9111 | D:8      | Reached skill level 14 in Fighting
  9420 | D:8      | Found a transporter.
  9447 | D:8      | Noticed a moth of wrath
  9517 | D:8      | Found a transporter.
  9677 | D:9      | Noticed a death knight
  9785 | D:8      | Reached skill level 1 in Axes
 10094 | D:9      | Noticed Pikel
 10116 | D:8      | Killed Pikel
 10116 | D:8      | Reached skill level 1 in Evocations
 10749 | D:9      | Noticed Maggie
 10782 | D:9      | Killed Maggie
 11047 | D:10     | Entered Level 10 of the Dungeon
 11051 | D:10     | Found a staircase to the Lair.
 11193 | D:10     | Reached skill level 5 in Axes
 11411 | D:10     | Noticed a skeletal warrior
 11469 | Lair:1   | Entered Level 1 of the Lair of Beasts
 11914 | Lair:1   | Reached XP level 11. HP: 100/120 MP: 14/14
 12093 | Lair:1   | Noticed a seven-headed hydra
 12702 | Lair:1   | Reached skill level 5 in Evocations
 13405 | Lair:2   | Noticed a four-headed hydra
 13411 | Lair:2   | Killed a four-headed hydra
 13437 | Lair:2   | Noticed a five-headed hydra
 13442 | Lair:2   | Killed a five-headed hydra
 13944 | Lair:2   | Noticed a six-headed hydra
 13950 | Lair:2   | Killed a six-headed hydra
 14560 | Lair:3   | HP: 5/120 [spiny frog (12)]
 15244 | Lair:3   | Found a hole to the Spider Nest.
 16684 | D:9      | Reached skill level 10 in Axes
 17094 | D:10     | Reached XP level 12. HP: 125/128 MP: 17/17
 17248 | D:10     | Noticed a two-headed ogre
 17262 | D:10     | Killed a two-headed ogre
 17266 | D:10     | Reached skill level 1 in Shields
 19888 | D:12     | Noticed a two-headed ogre
 19901 | D:12     | Killed a two-headed ogre
 20172 | D:12     | Noticed Sonja
 20181 | D:12     | Killed Sonja
 20798 | D:13     | Noticed a centaur warrior
 20804 | D:13     | Noticed a two-headed ogre
 20807 | D:13     | Killed a centaur warrior
 20820 | D:13     | Killed a two-headed ogre
 21393 | D:13     | Noticed a soul eater
 21400 | D:13     | Gained mutation: You can use your snake-like lower body to
                  | constrict enemies. [Naga growth]
 21400 | D:13     | Reached XP level 13. HP: 119/135 MP: 19/19
 21534 | D:13     | Noticed a vault guard
 21552 | D:13     | Killed a vault guard
 21560 | D:13     | Noticed a vault guard
 21575 | D:13     | Noticed a vault guard
 22316 | D:11     | Found Sedapt's Jewellery Emporium.
 22328 | D:11     | Reached skill level 10 in Evocations
 22857 | D:9      | Found a faded altar of an unknown god.
 22857 | D:9      | Found a burning altar of Makhleb.
 22862 | D:9      | Found a shattered altar of Ashenzari.
 22864 | D:9      | Found an opulent altar of Gozag.
 22865 | D:9      | Found a faded altar of an unknown god.
 23060 | D:9      | Became a worshipper of Gozag Ym Sagoz the Greedy
 23191 | D:11     | Bought an uncursed amulet of regeneration for 420 gold
                  | pieces
 23571 | D:11     | Found a staircase to the Orcish Mines.
 23854 | D:13     | Noticed a vault guard
 23886 | D:13     | Killed a vault guard
 23929 | D:13     | Identified a scroll of acquirement
 23944 | D:13     | Found a gate to the Vaults.
 23969 | D:13     | Killed a vault guard
 24044 | D:13     | Killed a vault guard
 24704 | D:14     | Reached skill level 5 in Shields
 25063 | D:14     | Noticed Frances
 25080 | D:14     | Killed Frances
 25080 | D:14     | Reached XP level 14. HP: 75/145 MP: 20/22
 25882 | D:15     | Entered Level 15 of the Dungeon
 25898 | D:15     | Mangled by a freezing wraith

Illustrated notes

Levels and vault maps discovered:
D:1:      lemuel_arrival_muddy, layout_basic
D:2:      layout_basic, nicolae_ru_sacrificial_ziggurat,
          lemuel_coloured_pillars_altar
D:3:      layout_rooms
D:4:      layout_gridville, grunt_temple_overflow_magic_moments
D:5:      layout_layer_cave, first_ration, basic_altar, st_stairs_8
D:6:      layout_basic, tso_altar, marbit_many_paths
D:7:      layout_loops_ring, fedhas_altar_3, minmay_temple_entry_large_hall,
          enter_bailey_8, uniq_crazy_yiuf_cottage
D:8:      layout_basic, gammafunk_ghost_berserking_beasts
D:9:      layout_layer_cave, doesnt_xom_only_xom,
          chequers_temple_overflow_minitemple, grunt_livestock, uniq_pikel,
          uniq_maggie
D:10:     minmay_the_grid_octo_tiled_squarecenter
          [minmay_the_grid_octo_checkerflower, minmay_the_grid_octo_pinwheel,
          minmay_the_grid_octo_thin_diamonds, minmay_the_grid_octo_empty,
          minmay_the_grid_square_5x5_megaprize_checkered,
          minmay_the_grid_square_5x5_forky, minmay_the_grid_square_5x5_moneybag,
          minmay_the_grid_square_5x5_minibox,
          minmay_the_grid_square_5x5_pentomino_r], layout_stronghold,
          lair_entry_dummy, kennysheep_diamond, minivault_16,
          hangedman_corner_corridor
D:11:     layout_basic, david_orc_4, serial_shops,
          nicolae_shop_competitors_out_of_business, minmay_starry_boxes
D:12:     layout_stronghold, uniq_sonja
D:13:     layout_rooms, lightli_vaults_fourway_checkpoint, serial_glass,
          glass_columns_b, glass_columns_a, st_stairs_13
D:14:     layout_gridville, minivault_23, kennysheep_just_a_vault, uniq_frances
D:15:     grunt_enter_depths_hoard, layout_rooms, serial_glass, glass_columns_c,
          glass_columns_a, glass_columns_a, glass_columns_a, serial_park_tiny_1
Temple:   dpeg_chambers_temple
Lair:1:   layout_loops_ring
Lair:2:   layout_small_grid, roderic_carrion_pond
Lair:3:   layout_loops_ring, shoals_dummy_entry,
          nicolae_spider_entry_tight_spaces, infiniplex_staircase_pool

Skill      XL: |  1  2  3  4  5  6  7  8  9 10 11 12 13 14 |
---------------+-------------------------------------------+-----
Fighting       | 5 6 7 8 9 11 13 14 | 14.6
Axes           | 6 10 12 13 | 13.0
Evocations     | 4 7 9 10 11 | 11.0
Shields        | 4 5 |  5.7
Armour         | 4 |  4.0
Dodging        | 3 4 |  4.2
Bows           | |  1.0
Throwing       | |  1.0
Stealth        | |  1.5

Action                   |  1- 3 |  4- 6 |  7- 9 | 10-12 | 13-15 || total
-------------------------+-------+-------+-------+-------+-------++-------
Melee: Whip              |       |       |       |   565 |   463 ||  1028
       Constrict         |       |       |       |       |    78 ||    78
 Fire: Shortbow          |    76 |   143 |   194 |    95 |       ||   508
Throw: Dart              |       |       |       |     1 |       ||     1
 Abil: Breathe Poison Ga |       |     2 |    26 |    30 |    14 ||    72
Evoke: Wand              |       |       |       |    29 |     4 ||    33
  Use: Scroll            |       |    12 |     5 |    10 |    13 ||    40
       Potion            |       |     2 |     1 |     3 |     4 ||    10
 Stab: Distracted        |       |       |       |       |     2 ||     2
  Eat: Chunk             |     1 |     5 |     9 |    24 |     3 ||    42
       Ration            |       |       |     4 |     4 |     4 ||    12
Armor: Ring mail         |    15 |    24 |    19 |       |       ||    58
       Leather armour    |       |       |    27 |   162 |       ||   189
       Skin              |       |       |     4 |     5 |    15 ||    24
       Chain mail        |       |       |       |    29 |    40 ||    69
       Troll leather arm |       |       |       |       |   129 ||   129
Dodge: Dodged            |    32 |    22 |    37 |   237 |   148 ||   476
Block: Other             |       |     9 |    31 |    79 |       ||   119
       Reflection        |       |       |     6 |     8 |     1 ||    15
       Buckler           |       |       |       |    89 |   131 ||   220
